Map: Acropolis LE

Players

Lambo - Winner!

  • Race: Zerg Zerg
  • League: Master
  • Spawn Location: 5:00

llllllllllll

  • Race: Protoss Protoss
  • League: Master
  • Spawn Location: 11:00

VOD

Have the link to the VOD?

Description

Time

  • Played on: Aug. 6, 2019, 11:46 a.m.
  • Length: 10:28
Show
View Real Time Build Order
Export as new Build Order

Lambo Zerg - Winner!

Build Orders: Hatch First, Roach Hydra 

Get SALT Encoding   

  12  0:01  Drone  
  13  0:13  Overlord  
  13  0:16  Drone  
  14  0:32  Drone x2  
  16  0:48  Hatchery  
  15  0:51  Drone  
  15  0:55  Drone  
  17  0:58  Drone  
  18  1:13  Extractor  
  18  1:15  Spawning Pool  
  16  1:20  Drone  
  17  1:25  Drone  
  17  1:31  Drone  
  19  1:45  Drone  
  20  1:53  Overlord  
  20  2:02  Queen x2  
  20  2:03  Zergling x4  
  26  2:12  Drone x2  
  28  2:18  Metabolic Boost  
  28  2:21  Drone  
  29  2:24  Drone  
  30  2:33  Drone  
  31  2:38  Drone  
  31  2:43  Hatchery  
  31  2:48  Drone  
  32  2:51  Overlord  
  32  2:56  Queen  
  34  3:02  Drone x2  
  36  3:13  Drone x2  
  36  3:18  Drone x4  
  36  3:19  Drone x2  
  43  3:27  Overlord  
  43  3:32  Overlord  
  43  3:43  Overlord  
  43  3:49  Queen  
  43  3:50  Drone x2  
  43  3:53  Drone x2  
  43  3:54  Spore Crawler  
  48  3:56  Drone  
  48  3:59  Queen  
  48  4:02  Drone x4  
  55  4:07  Drone  
  55  4:09  Spore Crawler, Drone  
  56  4:13  Zergling x4  
  56  4:14  Zergling x2  
  59  4:19  Drone x2  
  59  4:21  Drone  
  62  4:25  Spore Crawler  
  62  4:26  Overlord  
  61  4:32  Drone x3  
  61  4:34  Overlord  
  61  4:38  Lair, Overlord, Roach Warren  
  64  4:40  Drone x2  
  65  4:48  Drone x2  
  65  4:50  Drone x3  
  69  4:56  Extractor, Overlord  
  69  4:58  Extractor, Drone x2  
  69  5:00  Drone  
  69  5:02  Overlord  
  69  5:03  Drone x3  
  69  5:05  Drone  
  74  5:11  Drone x2, Evolution Chamber  
  75  5:19  Drone  
  75  5:25  Drone x3  
  75  5:28  Extractor, Overlord  
  77  5:29  Extractor  
  77  5:34  Overlord  
  76  5:36  Overlord  
  76  5:37  Roach x7  
  90  5:44  Zerg Missile Weapons Level 1  
  90  5:49  Extractor  
  89  5:51  Hydralisk Den  
  89  5:54  Roach  
  89  5:55  Roach x2  
  94  5:57  Drone  
  94  5:59  Overlord  
  94  6:02  Overlord  
  94  6:03  Overlord  
  95  6:04  Overlord  
  95  6:10  Drone  
  95  6:11  Drone x2  
  97  6:12  Drone x2  
  97  6:13  Glial Reconstitution, Hatchery  
  97  6:15  Overlord  
  97  6:17  Roach x2  
  103  6:22  Muscular Augments  
  103  6:25  Pneumatized Carapace  
  103  6:27  Hydralisk x2  
  103  6:31  Overlord  
  107  6:32  Overlord  
  107  6:33  Hydralisk x2  
  107  6:37  Roach x2  
  115  6:44  Roach x3  
  120  7:02  Drone  
  120  7:07  Hydralisk x4  
  120  7:08  Hydralisk  
  131  7:09  Overlord  
  131  7:10  Zergling x16  
  131  7:11  Roach x3  
  145  7:17  Drone  
  145  7:19  Nydus Network  
  145  7:20  Queen  
  147  7:29  Overlord  
  146  7:32  Overlord  
  146  7:33  Grooved Spines, Roach x6  
  158  7:39  Zergling x8  
  158  7:43  Hydralisk x2  
  166  7:46  Roach  
  167  7:57  Roach x9  
  185  8:05  Roach x2  
  189  8:11  Roach x2  
  189  8:12  Roach x2  
  197  8:16  Roach  
  199  8:25  Overlord  
  198  8:27  Overlord  
  198  8:29  Overlord  
  198  8:33  Overlord  
  198  8:41  Lurker Den  
  197  8:49  Nydus Canal  
  197  8:54  Extractor  
  196  8:56  Overlord  
  196  8:58  Extractor  
  196  9:00  Overlord  
  195  9:03  Nydus Canal, Overlord  
  187  9:10  Hydralisk x7  
  187  9:15  Roach x3  
  193  9:21  Roach x4  
  198  9:26  Roach  
  197  9:33  Roach  
  199  9:48  Roach  
  199  9:51  Roach  
  195  9:56  Roach x2  
  198  10:02  Roach x2  
  198  10:04  Roach x10  
Show
View Real Time Build Order
Export as new Build Order

llllllllllll Protoss 

Build Orders: 1 Gate Expand, Oracle Opening, Archon Immortal, Archon Drop 

Get SALT Encoding   

  12  0:00  Probe  
  13  0:13  Probe  
  14  0:21  Pylon  
  14  0:25  Probe  
  15  0:36  Probe  
  16  0:44  Probe  
  16  0:45  Gateway  
  17  0:54  Probe  
  18  1:00  Pylon  
  18  1:02  Assimilator  
  18  1:07  Probe  
  19  1:15  Probe  
  19  1:23  Probe  
  20  1:30  Nexus  
  21  1:35  Probe  
  22  1:43  Cybernetics Core  
  22  1:52  Pylon  
  22  1:53  Probe  
  23  2:01  Assimilator  
  23  2:10  Stalker, Probe  
  24  2:20  Warp Gate  
  26  2:23  Probe  
  27  2:36  Pylon  
  27  2:38  Adept  
  27  2:39  Probe  
  30  2:45  Probe  
  30  2:50  Stargate  
  30  2:51  Probe  
  32  2:57  Probe  
  33  3:01  Adept  
  33  3:03  Probe  
  34  3:11  Probe  
  37  3:27  Probe x2  
  37  3:29  Oracle  
  39  3:39  Probe x2  
  42  3:44  Pylon  
  42  3:51  Probe x2  
  42  3:52  Gateway  
  44  3:57  Oracle  
  44  3:58  Gateway  
  44  4:02  Assimilator  
  44  4:03  Probe x2  
  44  4:05  Assimilator  
  44  4:08  Stalker  
  51  4:15  Probe x2  
  53  4:20  Twilight Council  
  53  4:22  Pylon  
  53  4:27  Probe  
  54  4:37  Pylon  
  54  4:40  Probe x2  
  54  4:43  Robotics Facility  
  56  4:47  Gateway  
  56  4:52  Probe x2  
  58  4:59  Zealot  
  60  5:00  Zealot x2  
  60  5:04  Probe x2  
  66  5:12  Nexus  
  66  5:14  Pylon  
  66  5:21  Warp Prism  
  66  5:23  Probe  
  66  5:24  Probe  
  68  5:32  Templar Archives  
  68  5:35  Pylon x2  
  70  5:42  Sentry x2  
  74  5:45  Pylon  
  74  5:56  Immortal  
  78  6:08  High Templar x2  
  78  6:09  High Templar  
  84  6:13  High Templar  
  84  6:14  Probe x2  
  84  6:18  Gateway  
  88  6:19  Archon x2, Gateway  
  88  6:21  Gateway x2  
  88  6:26  Probe x2  
  88  6:27  Immortal, Probe  
  91  6:33  Charge  
  91  6:38  Probe  
  96  6:50  Probe x3  
  99  6:57  Forge  
  99  6:58  Immortal  
  103  7:10  Robotics Facility x2  
  103  7:14  Probe x3, Protoss Ground Weapons Level 1  
  106  7:15  Assimilator  
  106  7:18  Assimilator  
  106  7:26  Probe  
  107  7:32  Probe  
  107  7:33  Probe  
  107  7:35  Pylon  
  107  7:36  Pylon  
  109  7:37  Pylon  
  109  7:38  Pylon, Zealot x4  
  109  7:39  Pylon  
  109  7:40  Pylon  
  109  7:43  Pylon  
  117  7:46  Immortal  
  117  7:50  Immortal  
  117  7:51  Immortal  
  117  7:53  Probe  
  130  8:07  Pylon  
  130  8:09  Pylon, High Templar x2, Zealot x5  
  144  8:15  Archon  
  144  8:20  Immortal  
  144  8:21  Immortal  
  144  8:30  Immortal  
  156  8:41  Dark Shrine  
  156  8:48  Probe x3  
  159  8:51  Zealot x2  
  159  8:52  Zealot x2  
  168  9:04  Zealot x4  
  137  9:21  Dark Shrine  
  114  9:42  Zealot x3  
Tags
 
Add a new tag
Caveats
  • Supply blocks, unpowered buildings, or Contaminate may cause inaccurate times.
  • Supply counts are checked every 10 seconds.